 Dungeon Crawl Stone Soup version 0.19-a0-1002-g674d22e (webtiles) character file.

112 4thArraOfDagon the Bolt Thrower (level 4, 0/32 HPs)
             Began as a Mummy Arcane Marksman on July 18, 2016.
             Slain by a hound (2 damage)
             ... on level 5 of the Dungeon.
             The game lasted 00:02:44 (479 turns).

4thArraOfDagon the Bolt Thrower (MuAM)               Turns: 479, Time: 00:02:44

Health: 0/32       AC:  6    Str: 14    XL:     4   Next: 64%
Magic:  5/5        EV:  9    Int: 13    God:
Gold:   26         SH:  0    Dex: 11    Spells: 1 memorised, 4 levels left

rFire  x . .     SeeInvis .     a - +0 hand crossbow
rCold  + . .     Gourm    .     f - +0 scale mail
rNeg   + + +     Faith    .     (no shield)
rPois  ∞         Spirit   .     (no helmet)
rElec  .         Dismiss  .     (no cloak)
rCorr  .         Reflect  .     (no gloves)
SustAt .         Harm     .     (no boots)
MR     .....                    (no amulet)
Stlth  ..........               (no ring)
                                (no ring)

@: not resistant to hostile enchantments, extremely unstealthy
A: no food or potions, fire vulnerability, cold resistance 1, negative energy
resistance 3, torment resistance, unbreathing
a: no special abilities


You were on level 5 of the Dungeon.
You were not hungry.

You visited 1 branch of the dungeon, and saw 5 of its levels.

You collected 26 gold pieces.

Inventory:

Hand Weapons
 a - a +0 hand crossbow (weapon)
 b - a +0 whip
 h - a +0 halberd
Missiles
 d - 5 bolts (quivered)
Armour
 e - a +0 robe
 f - a +0 scale mail (worn)
Scrolls
 g - a scroll of random uselessness {unknown}
 i - a scroll of remove curse {unknown}
Books
 c - a book of Debilitation

   Spells                             Type                      Level
   a - Corona                         Hexes                        1
   b - Slow                           Hexes                        2
   c - Gell's Gravitas                Hexes/Translocation          3
   d - Inner Flame                    Hexes/Fire                   3
   e - Cause Fear                     Hexes                        4
   f - Leda's Liquefaction            Hexes/Earth                  4


   Skills:
 - Level 1.0 Fighting
 * Level 1.9 Polearms
 - Level 3.3 Crossbows
 - Level 1.5 Dodging
 - Level 1.0 Spellcasting
 - Level 2.6 Hexes


You had 4 spell levels left.
You knew the following spells:

 Your Spells              Type           Power        Failure   Level  Hunger
a - Corona                Hex            #......      52%         1    N/A

Dungeon Overview and Level Annotations

Branches:
Dungeon (5/15)
 Temple: D:4-7

Altars:


Innate Abilities, Weirdness & Mutations

You do not eat or drink.
Your flesh is vulnerable to fire.
You are immune to poison.
Your flesh is cold resistant. (rC+)
You are immune to negative energy. (rN+++)
You are immune to unholy pain and torment.
You can survive without breathing.


Message History

The hound bites you but does no damage.
Firing (i - inventory):
d - 8 bolts (quivered)
Press: ? - help, Shift-Dir - straight line, f/p - hound
Aim: a hound (lightly wounded)
You shoot a bolt. The bolt hits the hound!
The hound is severely wounded.
The hound closely misses you. The hound bites you.
* * * LOW HITPOINT WARNING * * *
Firing (i - inventory):
d - 7 bolts (quivered)
Press: ? - help, Shift-Dir - straight line, f/p - hound
Aim: a hound (severely wounded)
You shoot a bolt. The bolt closely misses the hound.
The hound bites you.
* * * LOW HITPOINT WARNING * * *
The hound barely misses you.
Unknown command.
Firing (i - inventory):
d - 6 bolts (quivered)
Press: ? - help, Shift-Dir - straight line, f/p - hound
Aim: a hound (severely wounded)
You shoot a bolt. The bolt completely misses the hound.
The hound bites you.
You die...

#.# #......# #.#
#......# #.# #......#
#.# #...... #.#
#...... #.######.
#.....# #...Y.Y..
#.....# #$.#####.#
#....@####........#
......#.hY......###.#
##### ######........#
#....#.#.# #....# ..
#....# ## .........
####..##### #..#


You could see an ice beast and a hound.

Vanquished Creatures
  Natasha (D:4)
  A worker ant (D:5)
  3 gnolls (D:4)
  An adder (D:4)
  3 oozes (D:4)
  A giant gecko (D:1)
  A giant cockroach (D:2)
  2 goblins (D:1)
  A hobgoblin (D:1)
  A giant gecko skeleton (D:4)
  4 rats (D:1)
19 creatures vanquished.

Notes
Turn   | Place    | Note
-------+----------+-------------------------------------------
     0 | D:1      | 4thArraOfDagon the Mummy Arcane Marksman began the quest for the Orb.
     0 | D:1      | Reached XP level 1. HP: 15/15 MP: 2/2
    62 | D:1      | Reached skill level 2 in Crossbows
    73 | D:1      | Reached XP level 2. HP: 2/21 MP: 3/3
   292 | D:4      | Reached XP level 3. HP: 18/26 MP: 4/4
   312 | D:4      | Reached skill level 3 in Crossbows
   432 | D:4      | Noticed Natasha
   436 | D:4      | Killed Natasha
   436 | D:4      | Reached skill level 1 in Polearms
   436 | D:4      | Reached XP level 4. HP: 16/32 MP: 5/5
   449 | D:5      | Entered Level 5 of the Dungeon
   468 | D:5      | Noticed an ice beast
   479 | D:5      | Slain by a hound

Vault maps used:
D:1:      roderic_crop_circles_arrival_small, minivault_4, minmay_box_of_dots
D:2:      wad_river_or_something, gammafunk_temple_overflow_wave,
          nicolae_overflow_crystal_walls, marbit_many_paths, minmay_misc_feat_x,
          uniq_sigmund, uniq_jessica
D:3:      grunt_temple_overflow_open
D:4:      yredelemnul_forgotten_temple_becter, first_bread, uniq_natasha
D:5:      serial_shops, shop

Skill      XL: |  1  2  3 |
---------------+----------+-----
Crossbows      | 2 3 |  3.3
Polearms       | 1 |  1.9
Fighting       | |  1.0
Dodging        | |  1.5
Spellcasting   | |  1.0
Hexes          | |  2.6

Action                   |  1- 3 |  4- 6 || total
-------------------------+-------+-------++-------
Melee: Whip              |     8 |       ||     8
       Halberd           |     5 |       ||     5
 Fire: Hand crossbow     |    32 |    17 ||    49
Armor: Robe              |     5 |       ||     5
       Scale mail        |     5 |     9 ||    14
Dodge: Dodged            |    15 |     8 ||    23
